AoeStats
← WhipLord

Arabia

504889880Analyzed
1v1 RM · 25d ago on Sep 6, 2026· 34m 21s· 2 players
Game mode
Random Map
Map size
Tiny (2 player)
Population
200
Speed
Normal
Resources
Standard
Victory
Conquest
Starting age
Dark Age
Ending age
Imperial Age
RankedLock teamsTeams togetherTeam positionsShared explorationLock speedFull tech treeHidden civsTurbo modeCheats
Victory
Defeat
🇮🇳 Magyars · India
726
+17
🇦🇺 Byzantines · Australia
742
-41
Surgeon Of Death
3:33 Loom
9:47 Feudal Age
11:40 Man-at-Arms
13:41 Arson
20:45 Double-Bit Axe
24:27 Castle Age
22:43 Fletching
23:47 Padded Archer Armor
23:52 Horse Collar
25:17 Crossbowman
26:08 Thumb Ring
26:32 Bodkin Arrow
29:11 Leather Archer Armor
31:08 Ballistics
WhipLord
10:42 Feudal Age
19:20 Loom
28:47 Castle Age
27:29 Double-Bit Axe
27:30 Horse Collar
28:59 Fletching
29:14 Scale Mail Armor
29:55 Bow Saw
30:55 Elite Skirmisher
30:58 Man-at-Arms
Connection lost

Rejoining the realm…

Still unreachable

The connection could not be restored.

Session expired

The server has moved on; the page needs a fresh start.